General information
			
			
        
        - name: BNet
 
        - type: Ladder team game (AT/RT)
 
        - host: Battle.net
 
        - saver: TIMG4STRok
 
        
map: SilverpineForest 
        - players: 6
 
        - length: 31:43
 
        - speed: Fast
 - version: 1.22 W3XP
 - replay type:  

 
» download(255 KB)
Players
        team 1 (winner) 
              
              
» 
298739283939208 (
red | 104 APM | 3304 actions | 31:42)
              
 5 Keeper of the Grove 
 3 Entangling Roots
 2 Thorns Aura
 4 Priestess of the Moon 
 2 Trueshot Aura
 2 Searing Arrows
 
                » actions 
                
                | Assign group hotkey | 128 |  | 
| Basic commands | 6 |  | 
| Build / train | 78 |  | 
| ESC pressed | 1 |  | 
| Enter build submenu | 23 |  | 
| Enter hero's abilities submenu | 9 |  | 
| Give item / drop item | 1 |  | 
| Right click | 1449 |  | 
| Select / deselect | 605 |  | 
| Select group hotkey | 940 |  | 
| Use ability | 64 |  | 
                3304 total
 » units 
                
                | Wisp | 17 |  | 
| Glaive Thrower | 16 |  | 
| Hippogryph | 14 |  | 
| Chimaera | 1 |  | 
                48 total
 » upgrades
                
                | Strength of the Moon | 2 |  | 
| Ultravision | 1 |  | 
| Vorpal Blades | 1 |  | 
| Reinforced Hides | 2 |  | 
| Strength of the Wild | 2 |  | 
                8 total
 » buildings
                
                | Altar of Elders | 1 |  | 
| Moon Well | 7 |  | 
| Hunter's Hall | 1 |  | 
| Ancient of War | 2 |  | 
| Tree of Ages | 1 |  | 
| Ancient Protector | 4 |  | 
| Ancient of Wind | 2 |  | 
| Tree of Life | 2 |  | 
| Tree of Eternity | 1 |  | 
| Chimaera Roost | 1 |  | 
                22 total
 » build order
                00:20 Altar of Elders
00:29 Moon Well
01:56 Hunter's Hall
01:58 Ancient of War
02:07 Ancient of War
02:36 Moon Well
02:44 Moon Well
04:48 Tree of Ages
06:30 Moon Well
14:48 Ancient Protector
14:50 Ancient Protector
14:54 Ancient Protector
14:57 Ancient Protector
15:50 Ancient of Wind
15:53 Ancient of Wind
23:07 Tree of Life
25:19 Tree of Eternity
27:49 Chimaera Roost
28:48 Tree of Life
29:54 Moon Well
30:32 Moon Well
30:34 Moon Well
» items
                
                | Scroll of Town Portal | 2 |  | 
| Anti-magic Potion | 1 |  | 
| Orb of Venom | 1 |  | 
| Moonstone | 1 |  | 
| Potion of Healing | 1 |  | 
| Scroll of Protection | 2 |  | 
                8 total
  
               
              
              
TALONSAREIMBA (
pink | 115 APM | 3640 actions | 31:42)
              
 6 Tauren Chieftain 
 3 War Stomp
 2 Endurance Aura
 1 Reincarnation
 4 Shadow Hunter 
 2 Hex
 2 Healing Wave
 
                » actions 
                
                | Assign group hotkey | 43 |  | 
| Basic commands | 290 |  | 
| Build / train | 84 |  | 
| ESC pressed | 1 |  | 
| Enter build submenu | 22 |  | 
| Enter hero's abilities submenu | 10 |  | 
| Remove unit from queue | 1 |  | 
| Right click | 1412 |  | 
| Select / deselect | 898 |  | 
| Select group hotkey | 670 |  | 
| Use ability | 209 |  | 
                3640 total
 » units 
                
                | Peon | 11 |  | 
| Grunt | 5 |  | 
| Wind Rider | 8 |  | 
| Raider | 3 |  | 
| Tauren | 6 |  | 
| Troll Batrider | 14 |  | 
                47 total
 » upgrades
                
                | Envenomed Spears | 1 |  | 
| Ensnare | 1 |  | 
| Reinforced Defenses | 1 |  | 
| Liquid Fire | 0 |  | 
| Pulverize | 1 |  | 
| Armor | 2 |  | 
                6 total
 » buildings
                
                | Altar of Storms | 3 |  | 
| Orc Burrow | 8 |  | 
| Barracks | 1 |  | 
| Voodoo Lounge | 1 |  | 
| War Mill | 1 |  | 
| Stronghold | 2 |  | 
| Beastiary | 2 |  | 
| Fortress | 1 |  | 
| Tauren Totem | 1 |  | 
| Watch Tower | 1 |  | 
| Great Hall | 1 |  | 
                22 total
 » build order
                00:04 Altar of Storms
00:06 Orc Burrow
00:45 Barracks
01:35 Orc Burrow
02:00 Voodoo Lounge
03:13 War Mill
04:16 Stronghold
04:16 Stronghold
04:33 Orc Burrow
06:13 Orc Burrow
06:40 Beastiary
06:42 Beastiary
09:30 Fortress
13:39 Tauren Totem
14:52 Watch Tower
17:20 Altar of Storms
17:34 Orc Burrow
17:36 Orc Burrow
17:45 Orc Burrow
20:11 Altar of Storms
23:20 Great Hall
28:47 Orc Burrow
» items
                
                | Healing Salve | 4 |  | 
| Lesser Clarity Potion | 5 |  | 
| Scroll of Town Portal | 3 |  | 
| Orb of Lightning | 1 |  | 
| Scroll of Speed | 1 |  | 
| Potion of Lesser Invulnerability | 1 |  | 
                15 total
  
               
              
              
» 
TIMG4STRok (
teal | 161 APM | 5105 actions | 31:43)
              
 6 Demon Hunter 
 2 Mana Burn
 3 Evasion
 1 Metamorphosis
 5 Keeper of the Grove 
 3 Entangling Roots
 2 Thorns Aura
 
                » actions 
                
                | Assign group hotkey | 29 |  | 
| Basic commands | 196 |  | 
| Build / train | 97 |  | 
| ESC pressed | 1 |  | 
| Enter build submenu | 16 |  | 
| Enter hero's abilities submenu | 11 |  | 
| Give item / drop item | 4 |  | 
| Right click | 2525 |  | 
| Select / deselect | 328 |  | 
| Select group hotkey | 1756 |  | 
| Use ability | 142 |  | 
                5105 total
 » units 
                » upgrades
                
                | Abolish Magic | 1 |  | 
| Ultravision | 1 |  | 
| Strength of the Wild | 3 |  | 
| Nature's Blessing | 1 |  | 
| Reinforced Hides | 3 |  | 
| Well Spring | 1 |  | 
| Backpack | 1 |  | 
                11 total
 » buildings
                
                | Altar of Elders | 1 |  | 
| Moon Well | 6 |  | 
| Hunter's Hall | 1 |  | 
| Ancient of War | 1 |  | 
| Tree of Ages | 1 |  | 
| Ancient of Wonders | 1 |  | 
| Ancient of Lore | 2 |  | 
| Ancient Protector | 3 |  | 
| Tree of Life | 1 |  | 
| Tree of Eternity | 1 |  | 
                18 total
 » build order
                00:11 Altar of Elders
00:22 Moon Well
01:41 Hunter's Hall
01:57 Ancient of War
02:11 Moon Well
03:26 Tree of Ages
04:56 Moon Well
05:00 Ancient of Wonders
05:56 Ancient of Lore
05:57 Ancient of Lore
06:24 Ancient Protector
07:26 Moon Well
09:39 Tree of Life
14:11 Tree of Eternity
14:46 Ancient Protector
14:47 Ancient Protector
28:13 Moon Well
28:15 Moon Well
» items
                
                | Healing Salve | 6 |  | 
| Staff of Preservation | 2 |  | 
| Potion of Healing | 9 |  | 
| Scroll of Town Portal | 5 |  | 
| Potion of Mana | 1 |  | 
| Orb of Lightning | 1 |  | 
| Orb of Venom | 1 |  | 
| Anti-magic Potion | 1 |  | 
| Dust of Appearance | 1 |  | 
| Moonstone | 1 |  | 
| Scroll of Healing | 2 |  | 
| Potion of Invisibility | 1 |  | 
                31 total
  
               team 2 (loser) 
              
              
bonesandteeth (
purple | 34 APM | 947 actions | 27:39)
              
 3 Archmage 
 1 Blizzard
 1 Brilliance Aura
 1 Summon Water Elemental
 
                » actions 
                
                | Assign group hotkey | 4 |  | 
| Build / train | 79 |  | 
| Enter build submenu | 38 |  | 
| Enter hero's abilities submenu | 2 |  | 
| Right click | 407 |  | 
| Select / deselect | 330 |  | 
| Select group hotkey | 14 |  | 
| Use ability | 73 |  | 
                947 total
 » units 
                
                | Peasant | 28 |  | 
| Footman | 14 |  | 
| Rifleman | 4 |  | 
                46 total
 » upgrades
                
                | Masonry | 2 |  | 
| Swords | 1 |  | 
| Plating | 1 |  | 
| Lumber Harvesting | 1 |  | 
| Gunpowder | 1 |  | 
                6 total
 » buildings
                
                | Altar of Kings | 2 |  | 
| Farm | 9 |  | 
| Lumber Mill | 2 |  | 
| Scout Tower | 23 |  | 
| Guard Tower | 18 |  | 
| Blacksmith | 3 |  | 
| Arcane Vault | 1 |  | 
| Barracks | 2 |  | 
| Keep | 1 |  | 
| Castle | 1 |  | 
| Gryphon Aviary | 3 |  | 
| Town Hall | 2 |  | 
                67 total
 » build order
                00:06 Altar of Kings
00:08 Farm
00:09 Farm
00:51 Lumber Mill
01:04 Scout Tower
01:05 Scout Tower
01:12 Scout Tower
01:13 Scout Tower
01:53 Guard Tower
02:11 Farm
02:42 Guard Tower
02:56 Blacksmith
03:04 Guard Tower
04:11 Arcane Vault
04:24 Scout Tower
04:25 Scout Tower
04:58 Guard Tower
05:55 Scout Tower
05:57 Scout Tower
05:59 Farm
06:07 Barracks
06:21 Keep
06:23 Guard Tower
07:14 Barracks
07:16 Guard Tower
08:25 Scout Tower
08:26 Scout Tower
08:26 Scout Tower
08:27 Scout Tower
08:38 Scout Tower
08:41 Blacksmith
08:44 Farm
09:06 Guard Tower
09:14 Guard Tower
09:50 Guard Tower
10:18 Castle
11:39 Gryphon Aviary
12:26 Gryphon Aviary
12:27 Gryphon Aviary
14:28 Lumber Mill
16:22 Town Hall
19:32 Blacksmith
19:39 Farm
19:40 Farm
20:44 Scout Tower
20:45 Scout Tower
20:46 Scout Tower
20:47 Scout Tower
21:33 Farm
21:35 Guard Tower
21:40 Scout Tower
21:41 Scout Tower
21:42 Scout Tower
21:43 Scout Tower
21:48 Guard Tower
22:09 Altar of Kings
22:15 Guard Tower
22:22 Scout Tower
22:27 Scout Tower
22:31 Guard Tower
22:37 Guard Tower
22:40 Guard Tower
22:52 Guard Tower
23:08 Town Hall
23:18 Guard Tower
23:21 Farm
23:38 Guard Tower
» items
                
                | Scroll of Town Portal | 1 |  | 
| Boots of Speed | 1 |  | 
| Staff of Teleportation | 1 |  | 
                3 total
  
               
              
              
Dexanth (
green | 95 APM | 3014 actions | 31:41)
              
 6 Mountain King 
 3 Storm Bolt
 2 Bash
 1 Avatar
 5 Paladin 
 2 Holy Light
 3 Divine Shield
 1 Archmage 
 1 Brilliance Aura
 
                » actions 
                
                | Assign group hotkey | 56 |  | 
| Basic commands | 7 |  | 
| Build / train | 111 |  | 
| Enter build submenu | 33 |  | 
| Enter hero's abilities submenu | 14 |  | 
| Give item / drop item | 7 |  | 
| Remove unit from queue | 4 |  | 
| Right click | 1323 |  | 
| Select / deselect | 389 |  | 
| Select group hotkey | 910 |  | 
| Use ability | 160 |  | 
                3014 total
 » units 
                
                | Peasant | 11 |  | 
| Footman | 6 |  | 
| Gryphon Rider | 11 |  | 
| Rifleman | 8 |  | 
| Knight | 2 |  | 
| Mortar Team | 3 |  | 
                41 total
 » upgrades
                
                | Lumber Harvesting | 1 |  | 
| Masonry | 1 |  | 
| Storm Hammers | 1 |  | 
| Animal War Training | 1 |  | 
| Armor | 3 |  | 
| Swords | 2 |  | 
| Long Rifles | 1 |  | 
| Gunpowder | 3 |  | 
                13 total
 » buildings
                
                | Altar of Kings | 1 |  | 
| Farm | 9 |  | 
| Barracks | 3 |  | 
| Scout Tower | 13 |  | 
| Arcane Tower | 2 |  | 
| Arcane Vault | 1 |  | 
| Keep | 1 |  | 
| Lumber Mill | 1 |  | 
| Town Hall | 1 |  | 
| Guard Tower | 6 |  | 
| Castle | 1 |  | 
| Gryphon Aviary | 2 |  | 
| Blacksmith | 1 |  | 
| Workshop | 2 |  | 
                44 total
 » build order
                00:06 Altar of Kings
00:20 Farm
00:21 Barracks
00:40 Farm
01:20 Scout Tower
01:48 Farm
01:54 Arcane Tower
02:24 Arcane Vault
03:16 Keep
03:28 Farm
04:00 Lumber Mill
04:29 Farm
04:54 Town Hall
05:20 Scout Tower
05:20 Scout Tower
05:51 Guard Tower
06:16 Scout Tower
06:16 Guard Tower
07:03 Guard Tower
08:01 Castle
08:58 Gryphon Aviary
09:38 Gryphon Aviary
09:44 Scout Tower
09:45 Scout Tower
09:45 Scout Tower
10:31 Blacksmith
10:36 Farm
10:37 Farm
11:03 Guard Tower
11:05 Arcane Tower
16:28 Farm
16:28 Farm
17:13 Scout Tower
17:14 Scout Tower
17:15 Scout Tower
17:15 Scout Tower
17:15 Scout Tower
17:55 Scout Tower
17:56 Guard Tower
19:00 Guard Tower
22:47 Barracks
22:56 Barracks
28:04 Workshop
29:54 Workshop
» items
                
                | Scroll of Regeneration | 5 |  | 
| Boots of Speed | 2 |  | 
| Staff of Sanctuary | 2 |  | 
| Orb of Fire | 2 |  | 
| Scroll of Town Portal | 10 |  | 
| Lesser Clarity Potion | 5 |  | 
| Potion of Mana | 1 |  | 
| Helm of Valor | 1 |  | 
                28 total
  
               
              
              
GOKUMaN69 (
orange | 87 APM | 2753 actions | 31:37)
              
 6 Blademaster 
 2 Wind Walk
 3 Critical Strike
 1 Bladestorm
 4 Tauren Chieftain 
 2 Shockwave
 2 Endurance Aura
 1 Archmage 
 1 Summon Water Elemental
 
                » actions 
                
                | Assign group hotkey | 38 |  | 
| Build / train | 116 |  | 
| Enter build submenu | 29 |  | 
| Enter hero's abilities submenu | 11 |  | 
| Give item / drop item | 4 |  | 
| Remove unit from queue | 2 |  | 
| Right click | 1456 |  | 
| Select / deselect | 635 |  | 
| Select group hotkey | 290 |  | 
| Use ability | 172 |  | 
                2753 total
 » units 
                
                | Peon | 14 |  | 
| Grunt | 4 |  | 
| Wind Rider | 6 |  | 
| Troll Batrider | 37 |  | 
| Rifleman | 5 |  | 
                66 total
 » buildings
                
                | Altar of Storms | 1 |  | 
| Orc Burrow | 11 |  | 
| Barracks | 1 |  | 
| Voodoo Lounge | 1 |  | 
| Stronghold | 1 |  | 
| War Mill | 1 |  | 
| Beastiary | 2 |  | 
| Watch Tower | 2 |  | 
| Great Hall | 3 |  | 
| Farm | 2 |  | 
| Arcane Vault | 1 |  | 
                26 total
 » build order
                00:05 Altar of Storms
00:23 Orc Burrow
00:39 Barracks
01:31 Orc Burrow
01:40 Orc Burrow
02:30 Voodoo Lounge
03:14 Stronghold
04:46 Orc Burrow
05:18 War Mill
05:42 Beastiary
07:28 Beastiary
07:47 Orc Burrow
15:46 Watch Tower
15:48 Watch Tower
17:32 Orc Burrow
17:34 Orc Burrow
17:34 Orc Burrow
22:47 Great Hall
27:35 Great Hall
27:38 Great Hall
27:52 Farm
27:53 Farm
28:16 Orc Burrow
28:17 Orc Burrow
28:47 Arcane Vault
31:07 Orc Burrow
» items
                
                | Scroll of Speed | 3 |  | 
| Healing Salve | 8 |  | 
| Lesser Clarity Potion | 5 |  | 
| Scroll of Town Portal | 3 |  | 
| Scroll of Healing | 2 |  | 
| Scroll of Protection | 2 |  | 
| Potion of Lesser Invulnerability | 1 |  | 
| Boots of Speed | 3 |  | 
| Potion of Mana | 2 |  | 
| Potion of Healing | 2 |  | 
                31 total
  
                Chat log
          (00:09 / All) TALONSAREIMBA: u towering?
(00:11 / All) Dexanth: ofv
(00:12 / All) TALONSAREIMBA: just wondering lol!
(01:21 / All) TIMG4STRok: really john matheson
(01:27 / All) TIMG4STRok: after last night you're going to try ikt again
(01:32 / All) Dexanth: tim your picture is p. funny
(01:35 / All) GOKUMaN69: why not
(01:38 / All) TIMG4STRok: hoody hoo
(02:01 / All) GOKUMaN69: so is mine I eat hamburger
(04:02 / All) TALONSAREIMBA: Lolo
(05:51 / All) bonesandteeth: owned
(30:53 / All) TIMG4STRok: one yad fuck...
(31:28 / All) Dexanth: Welp
(31:29 / All) Dexanth: GG
(31:32 / All) TALONSAREIMBA: ROFL
(31:33 / All) TIMG4STRok: gg
(31:38 / All) Dexanth: Well played